 Dungeon Crawl Stone Soup version 0.25-a0-353-ged6d54792d (webtiles) character file.

Game seed: 16077606023419461191, levelgen mode: deterministic

9 BritishOli the Slasher (level 2, 6/22 HPs)
             Began as a Demonspawn Gladiator on Jan 1, 2020.
             Got out of the dungeon alive.
             The game lasted 00:01:06 (152 turns).

BritishOli the Slasher (Demonspawn Gladiator)        Turns: 152, Time: 00:01:07

Health: 6/22       AC:  4    Str: 14    XL:     2   Next: 6%
Magic:  2/2        EV: 12    Int:  9    God:
Gold:   0          SH:  0    Dex: 14    Spells: 1/1 levels left

rFire    . . .     SeeInvis .   a - +0 long sword
rCold    . . .     Gourm    .   (no shield)
rNeg     . . .     Faith    .   b - +0 leather armour
rPois    .         Spirit   .   c - +0 helmet
rElec    .         Reflect  .   (no cloak)
rCorr    .         Harm     .   (no gloves)
MR       .....                  (no boots)
Stlth    ++........             (no amulet)
HPRegen  0.07/turn              (no ring)
MPRegen  0.08/turn              (no ring)

@: no status effects
A: nightstalker 1
a: no special abilities


You escaped.
You were not hungry.

You visited 1 branch of the dungeon, and saw 1 of its levels.

Inventory:

Hand Weapons
 a - a +0 long sword (weapon)
Missiles
 d - 3 throwing nets (quivered)
Armour
 b - a +0 leather armour (worn)
 c - a +0 helmet (worn)
Comestibles
 f - a ration


   Skills:
 + Level 2.2 Fighting
 + Level 2.8 Long Blades
 + Level 2.0 Throwing
 + Level 2.8 Dodging


You had one spell level left.
You didn't know any spells.
Your spell library was empty.

Dungeon Overview and Level Annotations

Branches:
Dungeon (1/15)

Altars:


Innate Abilities, Weirdness & Mutations

You are slightly more attuned to the shadows.


Message History

You feel sick.
You feel sick.
You feel sick.
There is an open door here.
You see here a stone.
You feel sick.
You are no longer poisoned.
You see here a leopard gecko corpse.
You see here a stone.
The formicid twitches its antennae in your direction.
The demigod shouts!
The kobold shouts!
The demonspawn shouts!
There is an open door here.
There is a staircase leading out of the dungeon here.
You can't go down here!
Are you sure you want to leave the Dungeon?
This will make you lose the game!
Uppercase [Y]es or [N]o only, please.
Are you sure you want to leave the Dungeon?
This will make you lose the game! The hobgoblin barely misses you.
You have escaped!

###############
#g#9#a#f#p#V#o####
###############..#
............r.'g@#
###############..#
#N#d#i#Q#K#6#p####
###############


You could see a hobgoblin and a rat.

Vanquished Creatures
  An ooze (D:1)
  A leopard gecko (D:1)
  A goblin (D:1)
  A bat (D:1)
  A kobold (D:1)
5 creatures vanquished.

Notes
Turn   | Place    | Note
-------+----------+-------------------------------------------
     0 | D:1      | BritishOli the Demonspawn Gladiator began the quest for the
                  | Orb.
     0 | D:1      | Reached XP level 1. HP: 16/16 MP: 1/1
     2 | D:1      | Noticed a human
     4 | D:1      | Noticed a vampire
     4 | D:1      | Noticed a demonspawn
     6 | D:1      | Noticed a demigod
     8 | D:1      | Noticed a vine stalker
     8 | D:1      | Noticed a tengu
    10 | D:1      | Noticed a formicid
    10 | D:1      | Noticed a spriggan
    12 | D:1      | Noticed a gargoyle
    12 | D:1      | Noticed a draconian
    14 | D:1      | Noticed a dwarf
    14 | D:1      | Noticed a naga
    16 | D:1      | Noticed a merfolk
    16 | D:1      | Noticed a halfling
    18 | D:1      | Noticed a minotaur
    18 | D:1      | Noticed a centaur
    20 | D:1      | Noticed a troll
    20 | D:1      | Noticed a ghoul
    22 | D:1      | Noticed a felid
    24 | D:1      | Noticed an ogre
    26 | D:1      | Noticed an elf
    26 | D:1      | Noticed an octopode
   108 | D:1      | Gained mutation: You are slightly more attuned to the
                  | shadows. [demonic ancestry]
   108 | D:1      | Reached XP level 2. HP: 8/22 MP: 2/2
   152 | D:$      | Got out of the dungeon alive.

Levels and vault maps discovered:
D:1:      kb_arrival_jail, layout_rooms

Skill      XL: |  1 |
---------------+----+-----
Throwing       | 2 |  2.0
Fighting       | |  2.2
Long Blades    | |  2.8
Dodging        | |  2.8

Action                   || total
-------------------------++-------
Melee: Long sword        ||    12
Armor: Leather armour    ||     5
Dodge: Dodged            ||    18
       Rpst.: Long sword ||     6

Table legend:
 A = Non-vault XP
 B = Vault XP
 C = Vault XP percentage of total XP
 D = Non-vault monster count
 E = Vault monster count
 F = Vault count percentage of total count
                 A         B        C        D         E       F
            +---------+---------+-------+---------+---------+-------
      Total |      14 |       0 |   0.0 |       5 |       0 |   0.0
            +---------+---------+-------+---------+---------+-------
        D:1 |      14 |       0 |   0.0 |       5 |       0 |   0.0
            +---------+---------+-------+---------+---------+-------
